 Dungeon Crawl Stone Soup version 0.29-a0-553-g81b289dbe5 (webtiles) character file.

Game seed: 23976832348109652

471 Hubjo the Insei (level 6, -7/47 HPs)
             Began as a Demonspawn Transmuter on June 6, 2022.
             Was a High Priest of Ignis.
             Mangled by an ice beast (8 damage)
             ... on level 5 of the Dungeon.
             The game lasted 00:07:27 (5816 turns).

Hubjo the Insei (Demonspawn Transmuter)             Turns: 5816, Time: 00:07:30

Health: -7/47      AC:  5    Str: 10    XL:     6   Next: 83%
Magic:  19/19      EV: 12    Int: 15    God:    Ignis [*****.]
Gold:   201        SH:  0    Dex: 15    Spells: 6/11 levels left

rFire   + . .      SeeInvis .     - Unarmed
rCold   . . .      Faith    .   (no shield)
rNeg    . . .      Spirit   .   k - +1 robe of Feum {MP+9 Stlth+}
rPois   +          Reflect  .   (helmet currently unavailable)
rElec   .          Harm     .   (no cloak)
rCorr   .          Rampage  .   (no gloves)
Will    .....                   (boots currently unavailable)
Stlth   +++.......              d - amulet of magic regeneration
HPRegen 0.15/turn               c - ring of poison resistance
MPRegen 0.56/turn               (no ring)

@: appendages
A: horns 2, talons 2, slimy green scales 1, spiny 1, demonic touch 1
a: End Transformation, Renounce Religion, Fiery Armour, Foxfire Swarm, Rising
Flame


You were on level 5 of the Dungeon.
You worshipped Ignis.
Ignis was extremely pleased with you.
You had temporarily grown beastly horns and talons.
You visited 1 branch of the dungeon, and saw 5 of its levels.

You collected 201 gold pieces.

Inventory:

Hand Weapons
 h - a +2 hand axe of freezing
Armour
 a - a +0 robe
 k - the +1 robe of Feum (worn) {MP+9 Stlth+}
   (You found it on level 3 of the Dungeon)

   MP:        It affects your magic capacity (+9).
   Stlth:     It makes you more stealthy.
Jewellery
 c - a ring of poison resistance (left hand)
 d - an amulet of magic regeneration (around neck)
Scrolls
 g - a scroll of silence
 i - 3 scrolls of teleportation
 l - a scroll of noise
 n - a scroll of fear
 o - a scroll of vulnerability
Potions
 b - 3 potions of lignification
 e - a potion of might {unknown}
 f - 2 potions of invisibility
 j - a potion of curing
 m - a potion of resistance {unknown}


   Skills:
 + Level 3.0 Fighting
 - Level 1.7 Dodging
 + Level 2.5 Stealth
 + Level 3.7 Unarmed Combat
 + Level 3.1 Spellcasting
 * Level 3.6 Transmutations
 + Level 1.6 Ice Magic


You had 6 spell levels left.
You knew the following spells:

 Your Spells              Type           Power      Damage    Failure   Level
a - Beastly Appendage     Tmut           26%        N/A       4%          1
b - Ice Form              Ice/Tmut       10%        N/A       54%         4

Your spell library contained the following spells:

 Spells                   Type           Power      Damage    Failure   Level
 Wereblood                Tmut           13%        N/A       7%          2
 Spider Form              Tmut/Pois      7%         N/A       28%         3
 Sublimation of Blood     Necr           2%         N/A       30%         2
 Gell's Gravitas          Tloc           2%         N/A       52%         3
 Teleport Other           Tloc           2%         N/A       52%         3
 Petrify                  Tmut/Erth      7%         N/A       67%         4
 Irradiate                Conj/Tmut      3%         3d14      95%         5
 Dispersal                Tloc           1%         N/A       100%        6


Dungeon Overview and Level Annotations

Branches:
Dungeon (5/15)
 Temple: D:4-7

Altars:
Trog
Ignis

Shops:
D:3 *

Annotations:
D:5 Prince Ribbit


Innate Abilities, Weirdness & Mutations

You have temporarily grown beastly horns and talons.
You are partially covered in slimy green scales. (AC +2)
You are partially covered in sharp spines.
Your touch may inflict minor irresistible damage on your foes.


Message History

Your transformation is almost over.
Your horns disappear.
Your talons disappear.
Found a club.
Found a stone staircase leading down.
Prince Ribbit comes into view.
Prince Ribbit is nearby!
Prince Ribbit is nearby!
Prince Ribbit is nearby!
You grow a pair of large bovine horns.
Your feet morph into talons.
There is a stone staircase leading down here.
An adder comes into view.
An ice beast comes into view.
The helpless Prince Ribbit fails to defend himself.
You hit Prince Ribbit. You claw Prince Ribbit.
Prince Ribbit is lightly wounded.
Prince Ribbit lets out a mournful croak.
Prince Ribbit hits you!
Prince Ribbit blinks!
You barely miss Prince Ribbit.
You headbutt Prince Ribbit, but do no damage.
Your touch misses Prince Ribbit.
Prince Ribbit is lightly wounded.
Prince Ribbit hits you but does no damage.
You hit Prince Ribbit. Your kick misses Prince Ribbit.
Your touch misses Prince Ribbit.
Prince Ribbit is moderately wounded.
Prince Ribbit is struck by your spines. Prince Ribbit closely misses you.
You miss Prince Ribbit. Your kick misses Prince Ribbit.
Prince Ribbit is moderately wounded.
Prince Ribbit hits you! Prince Ribbit completely misses you.
The ice beast is struck by your spines. The ice beast hits you.
The ice beast freezes you!
* * * LOW HITPOINT WARNING * * *
You hit Prince Ribbit.
Prince Ribbit is moderately wounded.
Prince Ribbit is struck by your spines. Prince Ribbit hits you.
* * * LOW HITPOINT WARNING * * *
The ice beast hits you.
* * * LOW HITPOINT WARNING * * *
The ice beast freezes you!
You die...

# ##.###.... #
##.##.#.#.#.... .
#...........#.. .# #
...#...#...#.# .###
........#..# .#.#
#.#...# #.# . #.
##.###....# #.# ##. #
......Y@..###.#####.## #
........F..>.....##..###
.....#..#.######......#.
....S...#.# #.##.##.#
.....##....#####.##.####
..... #.#........#...##.
##.# #..#.######..#...#
#. #.# ## ####....##.
........###


You could see Prince Ribbit and an ice beast.

Vanquished Creatures
  A water moccasin (D:5)
  A necrophage (D:4)
  2 orc wizards (D:3)
  Robin (D:4)
  3 adders
  6 gnolls
  4 worms
  5 dart slugs
  10 orcs
  8 endoplasms
  6 giant cockroaches
  23 goblins
  7 hobgoblins
  8 jackals
  11 kobolds
  A quokka (D:3)
  10 ball pythons
  4 bats
  A frilled lizard (D:3)
  6 rats
118 creatures vanquished.

Notes
Turn   | Place    | Note
-------+----------+-------------------------------------------
     0 | D:1      | Hubjo the Demonspawn Transmuter began the quest for the
                  | Orb.
     0 | D:1      | Reached XP level 1. HP: 15/15 MP: 3/3
   482 | D:1      | Gained mutation: You are partially covered in sharp spines.
                  | [demonic ancestry]
   482 | D:1      | Reached XP level 2. HP: 21/21 MP: 3/5
   710 | D:1      | Found a faded altar of an unknown god.
   721 | D:1      | Prayed at the altar of an unknown god.
   721 | D:1      | Became a worshipper of Ignis, the Dying Flame
  1499 | D:2      | Gained mutation: Your touch may inflict minor irresistible
                  | damage on your foes. [demonic ancestry]
  1499 | D:2      | Reached XP level 3. HP: 27/27 MP: 6/6
  1588 | D:2      | Reached skill level 1 in Stealth
  1995 | D:2      | Found a bloodstained altar of Trog.
  2347 | D:2      | Reached XP level 4. HP: 28/33 MP: 7/7
  2476 | D:2      | Learned a level 4 spell: Ice Form
  2477 | D:3      | Found Ugil's General Store.
  3738 | D:3      | Identified the +1 robe of Feum {MP+9 Stlth+}
  4254 | D:3      | Reached XP level 5. HP: 37/39 MP: 9/9
  4576 | D:4      | Reached skill level 1 in Ice Magic
  4926 | D:4      | Gained mutation: You are partially covered in slimy green
                  | scales. (AC +2) [demonic ancestry]
  4926 | D:4      | Reached XP level 6. HP: 46/46 MP: 10/10
  5277 | D:4      | Noticed Robin
  5286 | D:4      | Killed Robin
  5607 | D:5      | Entered Level 5 of the Dungeon
  5620 | D:5      | Noticed a water moccasin
  5634 | D:5      | Killed a water moccasin
  5804 | D:5      | Noticed Prince Ribbit
  5809 | D:5      | Noticed an ice beast
  5816 | D:5      | HP: 1/47 [ice beast (3)]
  5816 | D:5      | Mangled by an ice beast

Illustrated notes

Levels and vault maps discovered:
D:1:      minmay_arrival_up_and_down, layout_loops_corners,
          basic_ecumenical_altar
D:2:      minmay_spotlight, layout_loops_ring, basic_altar
D:3:      layout_rooms, serial_shops, nicolae_diamond_shop
D:4:      kennysheep_goblin_castle, layout_cave_pools, portal_sewer_entry_e
D:5:      layout_loops_ring, uniq_prince_ribbit1, uniq_sigmund,
          uniq_crazy_yiuf_cottage

Skill      XL: |  1  2  3  4  5  6 |
---------------+-------------------+-----
Transmutations | 2 3 |  3.6
Fighting       | 2 3 |  3.0
Stealth        | 1 2 |  2.5
Unarmed Combat | 3 |  3.7
Ice Magic      | 1 |  1.6
Spellcasting   | 3 |  3.1
Dodging        | |  1.7

Action                   |  1- 3 |  4- 6 || total
-------------------------+-------+-------++-------
Melee: Unarmed           |    84 |   123 ||   207
       Kick              |    16 |    30 ||    46
       Headbutt          |    13 |    24 ||    37
       Touch             |     6 |    25 ||    31
       Punch             |       |     1 ||     1
 Cast: Beastly Appendage |    35 |    33 ||    68
  Use: Potion            |       |     4 ||     4
       Scroll            |       |     8 ||     8
 Stab: Sleeping          |     3 |     9 ||    12
Armor: Robe              |     9 |    21 ||    30
Dodge: Dodged            |    51 |    71 ||   122

Table legend: (Time is in decaauts)
 A = Elapsed time spent in this place.
 B = Non-inter-level travel time spent in this place.
 C = Inter-level travel time spent in this place.
 D = Time resting spent in this place.
 E = Time spent auto-exploring this place.
 F = Levels seen in this place.
 G = Mean time per level.
                   A        B        C        D        E       F      G
               +--------+--------+--------+--------+--------+-----+--------+
         Total |   5813 |   5716 |     97 |   1338 |   3587 |   5 | 1162.6 |
       Dungeon |   5813 |   5716 |     97 |   1338 |   3587 |   5 | 1162.6 |
               +--------+--------+--------+--------+--------+-----+--------+

Top non-repeatable levels by time:
     D:2: 2362 daAuts
     D:1: 1471 daAuts
     D:4: 1038 daAuts
     D:3: 732 daAuts
     D:5: 207 daAuts
